 Dungeon Crawl Stone Soup version 0.21-a0-504-g2eda330 (webtiles) character file.

148 Roak the Insei (level 5, 0/37 HPs)
             Began as a Barachi Transmuter on Nov 25, 2017.
             Killed from afar by an orc wizard (12 damage)
             ... with a puff of flame
             ... on level 4 of the Dungeon.
             The game lasted 00:22:16 (3176 turns).

Roak the Insei (Barachi Transmuter)                 Turns: 3176, Time: 00:22:17

Health: 0/37       AC:  3    Str: 11    XL:     5   Next: 30%
Magic:  7/8        EV: 13    Int: 14    God:
Gold:   134        SH:  0    Dex: 13    Spells: 1/8 levels left

rFire    . . .     SeeInvis .     - Unarmed
rCold    . . .     Gourm    .   (no shield)
rNeg     . . .     Faith    .   k - +0 leather armour (curse)
rPois    .         Spirit   .   (no helmet)
rElec    .         Reflect  .   (no cloak)
rCorr    .         Harm     .   (no gloves)
MR       .....                  (no boots)
Stlth    +.........             (no amulet)
HPRegen  0.12/turn              (no ring)
MPRegen  0.11/turn              (no ring)

@: slow
A: +LOS, swims, slowness 1, strong legs 1
a: Hop


You were on level 4 of the Dungeon.
You were not hungry.

You visited 1 branch of the dungeon, and saw 4 of its levels.

You collected 134 gold pieces.

Inventory:

Hand Weapons
 u - a +0 club
Missiles
 a - 31 arrows
 h - 5 stones
 r - 13 poisoned needles
 s - 24 sling bullets
 w - 5 tomahawks (quivered)
Armour
 b - a +0 robe
 k - a cursed +0 leather armour (worn)
Jewellery
 l - a cursed ring of loudness {unknown}
 o - an uncursed ring of fire {unknown}
Scrolls
 e - 2 scrolls of teleportation {unknown}
 i - a scroll of fog {unknown}
 n - 2 scrolls of enchant weapon {unknown}
 p - 2 scrolls of blinking {unknown}
 v - a scroll of identify {unknown}
Potions
 f - a potion of agility {unknown}
 g - 2 potions of cancellation {unknown}
 m - a potion of brilliance {unknown}
Books
 c - a book of Changes

   Spells                             Type                      Level
   a - Beastly Appendage              Transmutation                1
   b - Sticks to Snakes               Transmutation                2
   c - Spider Form                    Transmutation/Poison         3
   d - Ice Form                       Ice/Transmutation            4
   e - Blade Hands                    Transmutation                5
Comestibles
 d - a bread ration
 j - a meat ration
 q - a royal jelly


   Skills:
 - Level 1.2 Fighting
 - Level 3.3 Dodging
 - Level 4.5 Unarmed Combat
 - Level 2.1 Spellcasting
 + Level 3.7 Transmutations
 + Level 1.7 Ice Magic


You had one spell level left.
You knew the following spells:

 Your Spells              Type           Power        Failure   Level  Hunger
a - Beastly Appendage     Tmut           ##....       6%          1    #......
b - Sticks to Snakes      Tmut           ##......     10%         2    ###....
c - Ice Form              Ice/Tmut       #.......     69%         4    #####..


Dungeon Overview and Level Annotations

Branches:
Dungeon (4/15)
 Temple: D:4-7

Altars:
Ru

Annotations:
D:3 Typee's ghost, amateur OpFE


Innate Abilities, Weirdness & Mutations

Shadows flee at your approach. (+LOS)
You can swim through water.
You cover ground slowly.
You can hop short distances.


Message History

You swap places.
You closely miss something.
Something hits you but does no damage. x2
You closely miss something. Something hits you but does no damage.
You punch something! Something hits you. Something completely misses you.
You hit something. Something hits you but does no damage.
You completely miss something. Your headbutt misses something.
You hear some strange, mumbled words.
A magic dart appears from out of thin air!
The magic dart hits you!
You miss something. Something hits you. Something hits you but does no damage.
You barely miss something. Something hits you.
You hit something.
Your horns disappear.
You hear some strange, mumbled words.
A puff of flame appears from out of thin air!
The puff of flame hits you!
You hear some strange, mumbled words.
A puff of flame appears from out of thin air!
The puff of flame hits you!
You die...

# #..........####....o....
# ####.......####....o....
# #.#..............oo..
######.#....#####.#.......
..........................
######.#.##.#####.#
#.#....# #.#
#.#.##.#####{#######
#.#.##.....@S......#
###.########.####### #.#
#.# #.# #.# #.# #.# #.#
#.# #. #.# ###


You could see a friendly ball python.

Vanquished Creatures
  An orc wizard (D:4)
  A worker ant (D:4)
  3 adders (D:2)
  4 dart slugs
  5 leopard geckos
  6 orcs (D:4)
  A ball python (D:2)
  5 bats
  5 giant cockroaches
  3 goblins
  4 hobgoblins
  4 jackals (D:2)
  2 frilled lizards
  4 kobolds
  3 rats (D:1)
51 creatures vanquished.

Notes
Turn   | Place    | Note
-------+----------+-------------------------------------------
     0 | D:1      | Roak the Barachi Transmuter began the quest for the Orb.
     0 | D:1      | Reached XP level 1. HP: 15/15 MP: 3/3
   198 | D:1      | Reached XP level 2. HP: 21/21 MP: 3/5
   376 | D:1      | Reached skill level 4 in Unarmed Combat
   569 | D:1      | Reached XP level 3. HP: 19/26 MP: 4/6
   581 | D:1      | Learned a level 2 spell: Sticks to Snakes
  1554 | D:2      | Reached XP level 4. HP: 26/32 MP: 5/7
  1830 | D:2      | Found a sacrificial altar of Ru.
  2112 | D:3      | Noticed Typee's ghost (amateur OpFE)
  2578 | D:3      | Found a faded altar of an unknown god.
  2840 | D:4      | Learned a level 4 spell: Ice Form
  2869 | D:4      | Reached skill level 1 in Ice Magic
  2869 | D:4      | Reached XP level 5. HP: 18/37 MP: 6/8
  3176 | D:4      | Killed from afar by an orc wizard

Vault maps used:
D:1:      minmay_arrival_up_and_down
D:2:      nicolae_ru_path_of_blood, kennysheep_generic_room_11
D:3:      lemuel_coloured_pillars_altar, chequers_ecumenical_altar_grove
D:4:      first_bread

Skill      XL: |  1  2  3  4 |
---------------+-------------+-----
Unarmed Combat | 4 |  4.5
Dodging        | 3 |  3.3
Transmutations | 3 |  3.7
Ice Magic      | 1 |  1.7
Fighting       | |  1.2
Spellcasting   | |  2.1

Action                   |  1- 3 |  4- 6 || total
-------------------------+-------+-------++-------
Melee: Unarmed           |   110 |    77 ||   187
       Kick              |    14 |    10 ||    24
       Headbutt          |     4 |     4 ||     8
Throw: Stone             |     1 |     4 ||     5
 Cast: Beastly Appendage |    22 |     9 ||    31
       Sticks to Snakes  |       |     4 ||     4
  Eat: Chunk             |     3 |     6 ||     9
Armor: Robe              |    18 |       ||    18
       Leather armour    |    13 |    24 ||    37
Dodge: Dodged            |    67 |    39 ||   106

Table legend:
 A = Spawn XP
 B = Non-spawn XP
 C = Spawn XP percentage of total XP
 D = Spawn monster count
 E = Non-spawn monster count
 F = Spawn count percentage of total count
 G = Total turns spent on level
                    A         B        C        D         E        F      G
               +---------+---------+-------+---------+---------+-------+---------
         Total |       0 |     212 |   0.0 |       0 |      51 |   0.0 |  3176
               +---------+---------+-------+---------+---------+-------+---------
           D:1 |       0 |      46 |   0.0 |       0 |      24 |   0.0 |   877
           D:2 |       0 |      71 |   0.0 |       0 |      17 |   0.0 |  1727
           D:3 |       0 |       6 |   0.0 |       0 |       2 |   0.0 |   169
           D:4 |       0 |      89 |   0.0 |       0 |       8 |   0.0 |   403
               +---------+---------+-------+---------+---------+-------+---------
